 Dungeon Crawl Stone Soup version 0.30-a0-371-gad7725a93e (webtiles) character file.

Game seed: 700231455432857724

3184 ryw the Slasher (level 9, -9/75 HPs)
             Began as a Demigod Fighter on Nov 20, 2022.
             Mangled by an orc warrior
             ... wielding a +0 war axe
              (16 damage)
             ... in a bailey.
             The game lasted 00:13:14 (6416 turns).

ryw the Slasher (Demigod Fighter)                   Turns: 6416, Time: 00:13:15

Health: -9/75      AC: 14    Str: 16    XL:     9   Next: 37%
Magic:  14/18      EV:  9    Int:  9    God:
Gold:   444        SH:  7    Dex: 32    Spells: 13/15 levels left

rFire   + . .      SeeInvis .    s - +4 falchion of the Jolly Artists {vorpal, rF+ rC+ rN+}
rCold   + . .      Faith    .    c - +0 buckler
rNeg    + + .      Spirit   .    b - +0 scale mail
rPois   +          Reflect  .    p - +1 hat
rElec   .          Harm     .    y - +2 ratskin cloak {*Rats rPois rN+ Str-1 Int-1 Dex+1}
rCorr   .          Rampage  .    x - +0 pair of gloves
Will    .....                    h - +0 pair of boots
Stlth   +.........               (no amulet)
HPRegen 0.32/turn                o - +6 ring of dexterity
MPRegen 0.16/turn                (no ring)

@: mighty, wereblooded
A: high MP 1, forlorn, divine attributes
a: no special abilities


You were in a bailey.
You visited 1 branch of the dungeon, and saw 8 of its levels.
You also visited: Bailey.

You collected 444 gold pieces.

Inventory:

Hand Weapons
 a - a +1 falchion
 s - the +4 falchion of the Jolly Artists (weapon) {vorpal, rF+ rC+ rN+}
   (You found it on level 3 of the Dungeon)

   It inflicts extra damage upon your enemies.
   rF:        It protects you from fire.
   rC:        It protects you from cold.
   rN:        It protects you from negative energy.
Missiles
 D - 11 boomerangs (quivered)
Armour
 b - a +0 scale mail (worn)
 c - a +0 buckler (worn)
 h - a +0 pair of boots (worn)
 i - a +0 plate armour
 p - a +1 hat (worn)
 x - a +0 pair of gloves (worn)
 y - the +2 ratskin cloak (worn) {*Rats rPois rN+ Str-1 Int-1 Dex+1}
   (You found it on level 5 of the Dungeon)

   When the wearer is hurt, rats may emerge from it to assist them.
   Str:       It affects your strength (-1).
   Int:       It affects your intelligence (-1).
   Dex:       It affects your dexterity (+1).
   rPois:     It protects you from poison.
   rN:        It protects you from negative energy.
 B - a +0 cloak of stealth
Jewellery
 o - a +6 ring of dexterity (left hand)
Wands
 v - a wand of flame (9)
 C - a wand of polymorph (5)
Scrolls
 k - a scroll of enchant weapon
 l - a scroll of teleportation
 m - a scroll of blinking {unknown}
 n - 4 scrolls of fear
 r - a scroll of amnesia
 u - a scroll of immolation {unknown}
 E - a scroll of enchant armour {unknown}
Potions
 d - 2 potions of might
 e - 2 potions of haste
 f - 2 potions of berserk rage
 g - 8 potions of curing
 j - a potion of lignification
 q - 2 potions of degeneration
 t - 3 potions of cancellation
 w - 3 potions of mutation
 z - a potion of ambrosia {unknown}
 A - 2 potions of brilliance


   Skills:
 + Level 5.8 Fighting
 * Level 7.5 Long Blades
 + Level 0.2 Throwing
 + Level 5.9 Armour
 + Level 3.5 Shields
 + Level 3.9 Spellcasting
 + Level 4.3 Transmutations


You had 13 spell levels left.
You knew the following spells:

 Your Spells              Type           Power      Damage    Failure   Level
a - Wereblood             Tmut           9%         N/A       28%         2

Your spell library contained the following spells:

 Spells                   Type           Power      Damage    Failure   Level
 Beastly Appendage        Tmut           18%        N/A       19%         1
 Apportation              Tloc           2%         N/A       75%         1
 Magic Dart               Conj           4%         1d3       75%         1
 Necrotise                Necr           4%         1d4       75%         1
 Shock                    Conj/Air       4%         1d3       75%         1
 Summon Small Mammal      Summ           4%         N/A       75%         1
 Spider Form              Tmut/Pois      5%         N/A       80%         3
 Searing Ray              Conj           2%         2d4       87%         2
 Swiftness                Air            1%         N/A       98%         3
 Tukima's Dance           Hex            1%         N/A       98%         3
 Airstrike                Air            0%         2d(1-17)  100%        4
 Fulminant Prism          Conj/Hex       0%         3d5       100%        4
 Passage of Golubria      Tloc           1%         N/A       100%        4
 Yara's Violent Unravell  Hex/Tmut       2%         3d3       100%        5


Dungeon Overview and Level Annotations

Branches:
Dungeon (8/15)             Temple (0/1) D:5          Bailey (1/1)
   Lair: D:8-11

Annotations:
D:5 3 runed translucent doors, Muataran's ghost, amateur TrMo


Innate Abilities, Weirdness & Mutations

You have an increased reservoir of magic. (+10% MP)
You shall have no god before yourself.
Your divine heritage dramatically boosts your attributes as you level up.


Message History

The orc warrior hits you with a +0 war axe.
You block the orc knight's attack.
You slash the orc knight!
The orc knight is moderately wounded.
The orc warrior barely misses you. You block the orc knight's attack.
You closely miss the orc knight.
The orc knight is moderately wounded.
The orc hits you with a +0 hand axe.
The orc warrior hits you with a +0 war axe.
The orc knight hits you with a +0 war axe.
* * * LOW HITPOINT WARNING * * *
You hit the orc knight.
The orc knight is moderately wounded.
The orc hits you but does no damage. The orc warrior completely misses you.
The orc knight roars a battlecry!
The orc goes into a battle-frenzy!
You hear a shout!
You hit the orc knight.
The orc knight is heavily wounded.
You block the orc's attack.
A goblin comes into view. It is wielding a +0 hand axe.
The orc warrior closely misses you. You block the orc knight's attack.
You hit the orc knight but do no damage.
The orc knight is heavily wounded.
The orc closely misses you.
You slice the orc knight!!
The orc knight is almost dead.
The orc knight hits you with a +0 war axe!
* * * LOW HITPOINT WARNING * * *
A river rat scurries out from under your cloak.
You block the orc warrior's attack.
The orc warrior hits your river rat with a +0 war axe!
The orc hits you with a +0 hand axe.
* * * LOW HITPOINT WARNING * * *
The orc hits your river rat but does no damage.
Your magical contamination has completely faded away.
You slice the orc knight!!
You feel a bit better.
You kill the orc knight!
The orc warrior hits you with a +0 war axe!
You die...

##.....##....)##
##...8...##'''##..
##........†...........
#.....................
#..8..8.............8.
#......)..............
##.....†####...####...
♣##..ro## ~#####~~ #K.
♣.##.o@# [!8o..8!|~ ..
♣♣..###)# ........~
♣...~~~.# ...8.
♣...~~~.# ....
∩...~~~.# ♣...~~~g#
♣...~~~.# ♣♣..###'#
♣.##....#


You could see an orc warrior (strong), an orc (strong), a goblin and a friendly
river rat.

Vanquished Creatures
  A two-headed ogre (D:8)
  An orc knight (Bailey)
  A hornet (D:8)
  Menkaure (D:6)
  A water moccasin (D:7)
  An orc warrior (Bailey)
  2 black bears (D:5)
  A sky beast (D:7)
  An ogre (D:5)
  2 phantoms (D:5)
  2 necrophages
  3 bullfrogs
  2 scorpions (D:4)
  9 killer bees
  2 howler monkeys
  5 jellies
  An orc priest (D:5)
  An iguana (D:5)
  5 orc wizards
  7 adders
  A gnoll (Bailey)
  A shadow imp (D:5)
  A white imp (D:5)
  2 ufetubi
  A worm (D:3)
  2 dart slugs
  14 orcs
  6 ball pythons
  3 endoplasms
  A giant cockroach (D:1)
  3 hobgoblins
  8 jackals
  4 quokkas
  8 bats
  4 frilled lizards (D:2)
  14 goblins
  14 kobolds
  4 rats
  A butterfly (D:5)
141 creatures vanquished.

Vanquished Creatures (collateral kills)
  A vampire (D:6)
  A worm (D:5)
2 creatures vanquished.

Vanquished Creatures (others)
  6 fungi (D:4)
6 creatures vanquished.

Grand Total: 149 creatures vanquished

Notes
Turn   | Place    | Note
-------+----------+-------------------------------------------
     0 | D:1      | ryw the Demigod Fighter began the quest for the Orb.
     0 | D:1      | Reached XP level 1. HP: 18/18 MP: 3/3
   143 | D:1      | Reached skill level 2 in Long Blades
   196 | D:1      | Reached XP level 2. HP: 25/25 MP: 4/4
   917 | D:2      | Reached XP level 3. HP: 25/31 MP: 5/5
  1642 | D:3      | Reached XP level 4. HP: 26/38 MP: 6/6
  1649 | D:3      | Reached skill level 3 in Long Blades
  1753 | D:3      | You fall into a shaft and drop 1 floor!
  1845 | D:3      | Learned a level 2 spell: Wereblood
  1869 | D:3      | Identified the +4 falchion of the Jolly Artists {vorpal,
                  | rF+ rC+ rN+}
  2045 | D:4      | Reached XP level 5. HP: 46/46 MP: 8/8
  2155 | D:4      | Reached skill level 1 in Transmutations
  2536 | D:4      | Identified the +8 whip "Lagis" {pain, rF+ rN+}
  2737 | D:5      | Entered Level 5 of the Dungeon
  2763 | D:5      | Found a staircase to the Ecumenical Temple.
  2875 | D:5      | Noticed an ogre
  2879 | D:5      | Killed an ogre
  2880 | D:5      | Reached skill level 4 in Long Blades
  2880 | D:5      | Reached skill level 1 in Spellcasting
  2880 | D:5      | Reached XP level 6. HP: 19/52 MP: 10/10
  2880 | D:5      | Found a runed translucent gate.
  2880 | D:5      | Found a runed translucent gate.
  2880 | D:5      | Found a runed translucent gate.
  2996 | D:5      | Noticed Muataran's ghost (amateur TrMo)
  3450 | D:5      | Reached XP level 7. HP: 49/59 MP: 12/12
  3528 | D:5      | Found the +2 ratskin cloak {*Rats rPois rN+ Str-1 Int-1
                  | Dex+1}
  3678 | D:5      | Reached skill level 5 in Long Blades
  4511 | D:6      | Noticed a vampire
  4547 | D:6      | Killed a vampire
  4548 | D:6      | Reached XP level 8. HP: 31/67 MP: 15/15
  4789 | D:6      | Noticed Menkaure
  4795 | D:6      | Killed Menkaure
  4796 | D:6      | Reached skill level 5 in Armour
  5139 | D:7      | Reached skill level 5 in Fighting
  5139 | D:7      | Reached skill level 6 in Long Blades
  6020 | D:8      | Noticed a hornet
  6026 | D:8      | Killed a hornet
  6092 | D:8      | Reached XP level 9. HP: 60/74 MP: 17/17
  6140 | D:8      | Noticed a two-headed ogre
  6152 | D:8      | Killed a two-headed ogre
  6153 | D:8      | Reached skill level 7 in Long Blades
  6213 | D:8      | Found a flagged portal.
  6219 | Bailey   | Entered a bailey
  6313 | Bailey   | Noticed an orc warlord
  6392 | Bailey   | Noticed an orc knight
  6415 | Bailey   | HP: 3/75 [orc/+0 hand axe (5)]
  6416 | Bailey   | Killed an orc knight
  6416 | Bailey   | Mangled by an orc warrior

Illustrated notes

Levels and vault maps discovered:
D:1:      dpeg_arrival_renting, layout_rooms
D:2:      layout_loops_ring
D:3:      layout_basic, overflow_temple_1_default, elyvilon_altar_5
D:4:      layout_loops_ring, serial_aquarium, aquarium_bridge_square
          [aquarium_subvault_bridge, aquarium_subvault_window,
          aquarium_subvault_wall, aquarium_subvault_window],
          aquarium_window_fake, aquarium_window_fake, aquarium_window_fake,
          aquarium_window_fake, aquarium_view_2b, aquarium_balcony_5a,
          st_stairs_5
D:5:      wad_river_or_something, layout_loops_corners,
          minmay_temple_entry_butterflies, ebering_ghost_rock_garden
D:6:      layout_cave_pools, mainiacjoe_overflow_boulevard, eino_tiny_chamber,
          uniq_menkaure
D:7:      cheibrodos_steamvent, layout_gridville, nicolae_gozag_seed_capital,
          minmay_door_square, minmay_misc_feat_four_crosses
D:8:      layout_basic, mainiacjoe_overflow_alcove_1, enter_bailey_3,
          enter_ossuary_1, minmay_strange_pillars, minivault_5
Bailey:   bailey_axe_bossmonster_kennysheep, bailey

Skill      XL: |  1  2  3  4  5  6  7  8  9 |
---------------+----------------------------+-----
Long Blades    | 2 3 4 5 6 7 |  7.5
Armour         | 3 4 5 |  5.9
Fighting       | 3 4 5 |  5.8
Transmutations | 1 2 3 4 |  4.3
Spellcasting   | 1 2 3 |  3.9
Shields        | 3 |  3.5
Throwing       | |  0.2

Action                   |  1- 3 |  4- 6 |  7- 9 || total
-------------------------+-------+-------+-------++-------
Melee: Long sword        |    94 |       |       ||    94
       Falchion          |    77 |    91 |   211 ||   379
Throw: Boomerang         |       |       |     3 ||     3
 Cast: Wereblood         |       |       |     1 ||     1
Evoke: Wand              |       |       |     6 ||     6
  Use: Scroll            |     2 |       |    13 ||    15
       Potion            |       |     1 |     2 ||     3
Armor: Scale mail        |    93 |    39 |   117 ||   249
Dodge: Dodged            |   102 |    36 |    85 ||   223
Block: Buckler           |    50 |    29 |    79 ||   158

Table legend: (Time is in decaauts)
 A = Elapsed time spent in this place.
 B = Non-inter-level travel time spent in this place.
 C = Inter-level travel time spent in this place.
 D = Time resting spent in this place.
 E = Time spent auto-exploring this place.
 F = Levels seen in this place.
 G = Mean time per level.
                   A        B        C        D        E       F      G
               +--------+--------+--------+--------+--------+-----+--------+
         Total |   6491 |   6208 |    283 |    693 |   4275 |   9 |  721.2 |
       Dungeon |   6294 |   6011 |    283 |    684 |   4192 |   8 |  786.8 |
        Bailey |    196 |    196 |      0 |      9 |     83 |   1 |  196.0 |
               +--------+--------+--------+--------+--------+-----+--------+

Top non-repeatable levels by time:
     D:5: 1739 daAuts
     D:7: 865 daAuts
     D:4: 851 daAuts
     D:2: 806 daAuts
     D:1: 691 daAuts
     D:6: 669 daAuts
     D:3: 443 daAuts
     D:8: 227 daAuts
  Bailey: 196 daAuts
